 Dungeon Crawl Stone Soup version 0.28-a0-519-gbfeecf2fc5 (webtiles) character file.

Game seed: 5744940319625611439

9457 robertstho the Fighter (level 11, -1/101 HPs)
             Began as a White Draconian Berserker on Sept 23, 2021.
             Was a High Priest of Trog.
             Slain by an unseen horror (9 damage)
             ... on level 11 of the Dungeon.
             The game lasted 00:20:38 (12104 turns).

robertstho the Fighter (White Draconian Berserker) Turns: 12104, Time: 00:20:39

Health: -1/101     AC: 15    Str: 23    XL:     11   Next: 23%
Magic:  20/20      EV: 14    Int: 14    God:    Trog [*****.]
Gold:   631        SH:  4    Dex: 11    Spells: 10/10 levels left

rFire   . . .      SeeInvis .   x - +8 trident of Wotrig Lyuqe {vorpal, Int+7}
rCold   + + .      Faith    .   e - +0 buckler
rNeg    . . .      Spirit   .   (armour unavailable)
rPois   .          Reflect  .   (helmet restricted)
rElec   .          Harm     .   y - +2 cloak
rCorr   .          Rampage  .   I - +1 pair of gloves
Will    ++...                   H - +2 pair of boots {Fly}
Stlth   ++........              (no amulet)
HPRegen 1.26/turn               l - ring of protection from cold
MPRegen 0.17/turn               C - ring of magical power

@: strong-willed, on berserk cooldown, flying, regenerating, slowed, very slow
A: breathe frost, AC +7, unfitting armour, cold resistance 1, cold-blooded
a: Breathe Frost, Renounce Religion, Berserk, Trog's Hand, Brothers in Arms


You were on level 11 of the Dungeon.
You worshipped Trog.
Trog was extremely pleased with you.
You visited 1 branch of the dungeon, and saw 11 of its levels.
You also visited: Ossuary.

You collected 631 gold pieces.

Inventory:

Hand Weapons
 w - a +1 hand axe of flaming
 x - the +8 trident of Wotrig Lyuqe (weapon) {vorpal, Int+7}
   (You found it on level 5 of the Dungeon)

   It inflicts extra damage upon your enemies.
   Int:       It affects your intelligence (+7).
 z - a +9 hunting sling
Missiles
 A - 372 stones (quivered)
 D - 89 sling bullets
Armour
 e - a +0 buckler (worn)
 y - a +2 cloak (worn)
 H - a +2 pair of boots of flying (worn)
 I - a +1 pair of gloves (worn)
Jewellery
 l - a ring of protection from cold (left hand)
 C - a ring of magical power (right hand)
Wands
 n - a wand of polymorph (13)
 F - a wand of flame (33)
 G - a wand of iceblast (4)
Scrolls
 b - 2 scrolls of noise {unknown}
 g - 3 scrolls of immolation {unknown}
 h - 4 scrolls of enchant armour {unknown}
 j - a scroll of torment {unknown}
 k - a scroll of vulnerability {unknown}
 m - a scroll of holy word
 p - 5 scrolls of teleportation {unknown}
 q - a scroll of brand weapon
 r - 3 scrolls of blinking {unknown}
 v - a scroll of summoning
 E - 2 scrolls of enchant weapon {unknown}
Potions
 a - 3 potions of flight
 c - 2 potions of curing
 d - 3 potions of haste
 f - 4 potions of resistance {unknown}
 i - 3 potions of heal wounds {unknown}
 s - 2 potions of lignification {unknown}
 t - 2 potions of degeneration {unknown}
 u - 2 potions of magic
 B - a potion of attraction {unknown}


   Skills:
 * Level 10.5 Fighting
 + Level 7.4(8.3) Axes
 + Level 5.7(7.5) Polearms
 + Level 7.6 Slings
 * Level 7.6 Dodging
 + Level 3.6 Stealth
 + Level 1.6 Shields
 + Level 0.2 Evocations


You had 10 spell levels left.
You didn't know any spells.
Your spell library was empty.

Dungeon Overview and Level Annotations

Branches:
Dungeon (11/15)            Temple (0/1) D:4            Lair (0/6) D:11
    Orc (0/2) D:10        Ossuary (visited)

Altars:
Ashenzari
Dithmenos
Ru
Vehumet
Wu Jian
Yredelemnul

Shops:
D:7 *   D:10 (

Annotations:
D:10 884 trident octopus king


Innate Abilities, Weirdness & Mutations

You can breathe waves of freezing cold which knock back foes.
Your icy white scales are hard. (AC +7)
You cannot fit into any form of body armour.
Your flesh is cold resistant. (rC+)
You are cold-blooded and may be slowed by cold attacks.


Message History

The centaur warrior zombie hits you but does no damage.
You block the centaur warrior zombie's attack.
The orc warrior barely misses you.
You impale the cyclops!!
You kill the cyclops!
Trog accepts your kill. Something hits you but does no damage.
The centaur warrior zombie hits you but does no damage.
The centaur warrior zombie kicks you.
You hit the boulder beetle but do no damage.
Something hits you. The orc warrior barely misses you.
The boulder beetle bites you.
You hit the boulder beetle but do no damage.
Something hits you! The centaur warrior zombie misses you.
The centaur warrior zombie kicks you but does no damage.
The orc warrior hits you from afar with a +0 glaive!
* * * LOW HITPOINT WARNING * * *
You puncture the boulder beetle!
The boulder beetle is lightly wounded.
You are no longer berserk.
You are exhausted.
You feel yourself slow down. Something hits you but does no damage.
The centaur warrior zombie closely misses you.
You block the centaur warrior zombie's attack.
The boulder beetle closely misses you. Something hits you.
* * * LOW HITPOINT WARNING * * *
You hit the boulder beetle but do no damage.
You tail-slap the boulder beetle, but do no damage.
The boulder beetle is lightly wounded.
Something hits you but does no damage.
The centaur warrior zombie hits you but does no damage.
The centaur warrior zombie kicks you.
* * * LOW HITPOINT WARNING * * *
The orc warrior barely misses you. The boulder beetle bites you!!
* * * LOW HITPOINT WARNING * * *
The centaur warrior zombie completely misses you.
You block the centaur warrior zombie's attack.
The orc warrior misses you.
The boulder beetle leaps!
Something hits you!
You die...

***,,,,,..*#.,,***,,,*
********,,,,,,##.*..**,,**,,*****
,,,,,,,,,,,,,,,..*Z**,*,,*......,
,,,,,,,,,,∩,,**#.#Y*,,**,*.....#*
,,,,,,,,,.,,,* *.W#O**,,*,#....#
,,,,,,,,,...,* *#o#,,*,**?#....#
,,,,,,,,,....####)##,,##!$#....##
,,,,,,,,,.........°###$$$##......
,,,,,,,,,.......@.Z...####.......
,,,,,,,,,........................
,,,,,,,,,..#######...####........
,,,,,,,,,,,* #B..#**#........
,,,,,,,,,,,* #...............
,,,,,,,,,,,* #.......>.......
,,,,,,,,,,,******#...............
,,,,,,,,,,,,,,,,,...........#####
,,,,,,,,,,,,,,,,.....###....# #


You could see a boulder beetle, a yak, a wraith, an orc warrior and 2 centaur
warrior zombies.

Vanquished Creatures
  A hydra (D:9)
  A two-headed ogre (D:9)
  Pikel (D:7)
  A manticore (D:11)
  2 cyclopes
  Joseph (D:7)
  An ugly thing (D:7)
  A troll (D:7)
  Sigmund (D:3)
  2 wraiths
  3 yaks (D:10)
  2 vampires
  Grum (D:10)
  A steam dragon (D:8)
  An acid dragon (D:10)
  2 water moccasins
  An ice beast (D:6)
  6 orc warriors
  2 sky beasts
  A black bear (D:6)
  4 wolves (D:10)
  7 centaurs
  2 kobold brigands
  2 gnoll sergeants
  2 bullfrogs (D:8)
  3 scorpions
  A water moccasin zombie (D:5)
  4 killer bees (D:9)
  10 wights (D:8)
  3 howler monkeys
  A bullfrog zombie (D:5)
  2 centaur zombies
  A bullfrog skeleton (D:4)
  3 orc priests
  A jelly (D:6)
  A gnoll shaman (D:7)
  5 iguanas
  8 orc wizards
  Natasha (D:3)
  A mummy (Ossuary)
  A howler monkey zombie (D:7)
  12 gnolls
  A howler monkey skeleton (D:4)
  2 adders (D:5)
  A shadow imp (D:7)
  A white imp (D:6)
  An ufetubus (D:7)
  36 orcs
  9 ball pythons
  6 bats
  6 endoplasms
  4 giant cockroaches
  5 hobgoblins
  3 jackals (D:1)
  19 kobolds
  2 quokkas
  4 frilled lizards
  A gnoll skeleton (Ossuary)
  8 goblins
  13 kobold skeletons (Ossuary)
  11 orc skeletons (Ossuary)
  6 rats
246 creatures vanquished.

Notes
Turn   | Place    | Note
-------+----------+-------------------------------------------
     0 | D:1      | robertstho the Draconian Berserker began the quest for the
                  | Orb.
     0 | D:1      | Reached XP level 1. HP: 19/19 MP: 1/1
   164 | D:1      | Reached XP level 2. HP: 23/26 MP: 2/2
   682 | D:1      | Reached XP level 3. HP: 33/33 MP: 3/3
   798 | D:2      | Reached ** piety under Trog
   827 | D:2      | Found a basalt altar of Yredelemnul.
   874 | D:2      | You fall into a shaft and drop 1 floor!
  1166 | D:3      | Noticed Sigmund
  1179 | D:3      | Killed Sigmund
  1180 | D:3      | Reached skill level 4 in Fighting
  1180 | D:3      | Reached skill level 1 in Stealth
  1180 | D:3      | Reached XP level 4. HP: 40/41 MP: 4/4
  1180 | D:3      | Reached XP level 5. HP: 46/47 MP: 5/5
  1534 | D:3      | Found a faded altar of an unknown god.
  1787 | D:3      | Noticed Natasha
  1799 | D:3      | Killed Natasha
  2476 | D:4      | Reached XP level 6. HP: 53/53 MP: 6/6
  2598 | D:4      | Found a staircase to the Ecumenical Temple.
  2608 | D:4      | Noticed an orc warrior
  2623 | D:4      | Killed an orc warrior
  2624 | D:4      | Reached skill level 5 in Fighting
  2624 | D:4      | Reached skill level 5 in Axes
  2866 | D:4      | Reached *** piety under Trog
  3235 | D:4      | Your scales start taking on an icy white colour.
  3235 | D:4      | Reached XP level 7. HP: 59/61 MP: 7/7
  3235 | D:4      | Gained mutation: Your flesh is cold resistant. (rC+) [White
                  | Draconian growth]
  3536 | D:5      | Entered Level 5 of the Dungeon
  3596 | D:5      | Found a sand-covered staircase.
  3601 | Ossuary  | Entered an ossuary
  3601 | Ossuary  | Noticed a wraith
  3601 | Ossuary  | Noticed a wraith
  3601 | Ossuary  | Noticed a wraith
  3662 | Ossuary  | Noticed a wraith
  3688 | Ossuary  | Killed a wraith
  3912 | Ossuary  | Reached **** piety under Trog
  4090 | D:5      | Reached skill level 5 in Dodging
  4243 | D:5      | Reached skill level 6 in Fighting
  4665 | D:5      | Identified the +8 trident of Wotrig Lyuqe {vorpal, Int+7}
  4717 | D:5      | Reached XP level 8. HP: 70/70 MP: 8/8
  5169 | D:6      | Reached skill level 1 in Polearms
  6043 | D:7      | Reached skill level 7 in Fighting
  6200 | D:7      | Noticed Joseph
  6218 | D:7      | Killed Joseph
  6219 | D:7      | Reached XP level 9. HP: 38/79 MP: 9/9
  7732 | D:7      | Found Huatusif's Lightly-Used Armoury.
  7743 | D:7      | Noticed Pikel
  7756 | D:7      | Killed Pikel
  7757 | D:7      | Reached skill level 5 in Polearms
  7757 | D:7      | Reached skill level 1 in Slings
  7884 | D:7      | Noticed a troll
  7893 | D:7      | Killed a troll
  8104 | D:7      | Noticed a green ugly thing
  8111 | D:7      | Killed a green ugly thing
  8112 | D:7      | Reached skill level 8 in Fighting
  8554 | D:8      | Reached ***** piety under Trog
  8694 | D:8      | Reached XP level 10. HP: 37/86 MP: 10/10
  8959 | D:8      | Found a sacrificial altar of Ru.
  8971 | D:8      | Found a basalt altar of Yredelemnul.
  8975 | D:8      | Found a broken altar of Ashenzari.
  8975 | D:8      | Found a radiant altar of Vehumet.
  8991 | D:8      | Found a shadowy altar of Dithmenos.
  9195 | D:8      | Reached skill level 1 in Shields
  9223 | D:8      | Noticed a cyclops
  9230 | D:8      | Killed a cyclops
  9355 | D:8      | Reached skill level 9 in Fighting
  9772 | D:9      | Reached skill level 5 in Slings
  9824 | D:9      | Noticed a six-headed hydra
  9837 | D:9      | Killed a six-headed hydra
 10330 | D:9      | Found an ornate altar of the Wu Jian Council.
 10355 | D:9      | Noticed a two-headed ogre
 10365 | D:9      | Killed a two-headed ogre
 10733 | D:10     | Entered Level 10 of the Dungeon
 10780 | D:10     | Found a staircase to the Orcish Mines.
 10806 | D:10     | Reached skill level 10 in Fighting
 10908 | D:10     | Found Getay's Weapon Shoppe.
 11415 | D:10     | Noticed Grum
 11439 | D:10     | Killed Grum
 11440 | D:10     | Reached XP level 11. HP: 42/100 MP: 11/11
 11447 | D:10     | Received a gift from Trog
 11792 | D:10     | Found Suopoot's Distillery.
 11976 | D:11     | Noticed a two-headed ogre
 12082 | D:11     | Noticed a two-headed ogre
 12094 | D:11     | Noticed a boulder beetle
 12104 | D:11     | Slain by an unseen horror

Illustrated notes

Levels and vault maps discovered:
D:1:      lemuel_arrival_river_ford, layout_rooms
D:2:      layout_rooms, basic_altar, minivault_5
D:3:      layout_basic, chequers_ecumenical_altar_island, uniq_natasha,
          uniq_sigmund
D:4:      layout_basic, minmay_temple_entry_junction, grunt_ministairs_14,
          kennysheep_donut
D:5:      layout_loops_corners, enter_ossuary_2, kennysheep_nub
D:6:      layout_basic
D:7:      minmay_cornered_nines, layout_cave_pools, minmay_shop_damaged,
          uniq_pikel, uniq_joseph
D:8:      layout_loops_ring, minmay_overflow_temple_star_hex
D:9:      layout_long_grid, nzn_wu_jian_council_hall
D:10:     layout_loops_ring, orc_david_3, serial_shops, kennysheep_mini_moat,
          st_stairs_12, uniq_grum
D:11:     layout_small_grid, david_lair_shrubbed, enter_bailey_2,
          minmay_alternating_orb, uniq_snorg

Skill      XL: |  1  2  3  4  5  6  7  8  9 10 |
---------------+-------------------------------+-----
Dodging        | 3 4 5 6 7 |  7.6
Fighting       | 4 5 6 7 8 10 | 10.5
Axes           | 4 5 6 7 |  7.4
Stealth        | 1 2 3 |  3.6
Polearms       | 4 5 |  5.7
Slings         | 4 7 |  7.6
Shields        | 1 |  1.6
Evocations     | |  0.2

Action                   |  1- 3 |  4- 6 |  7- 9 | 10-12 || total
-------------------------+-------+-------+-------+-------++-------
Melee: Hand axe          |   127 |    12 |       |       ||   139
       Tailslap          |     8 |     6 |    22 |     8 ||    44
       War axe           |       |    63 |   102 |       ||   165
       Trident           |       |       |    81 |    57 ||   138
 Fire: Hunting sling     |       |       |   107 |   205 ||   312
Throw: Throwing net      |       |       |     1 |       ||     1
Invok: Berserk           |     2 |     4 |     6 |     5 ||    17
       Brothers in Arms  |       |       |     1 |     1 ||     2
       Trog's Hand       |       |       |       |     2 ||     2
 Abil: Breathe Frost     |       |       |     1 |       ||     1
Evoke: Wand              |       |       |       |     3 ||     3
  Use: Scroll            |       |       |     7 |     2 ||     9
       Potion            |       |       |     4 |       ||     4
 Stab: Sleeping          |     1 |     3 |     2 |       ||     6
Armor: Skin              |    35 |    22 |    76 |    61 ||   194
Dodge: Dodged            |   103 |    51 |   133 |   123 ||   410
Block: Buckler           |       |       |    14 |    20 ||    34

Table legend: (Time is in decaauts)
 A = Elapsed time spent in this place.
 B = Non-inter-level travel time spent in this place.
 C = Inter-level travel time spent in this place.
 D = Time resting spent in this place.
 E = Time spent auto-exploring this place.
 F = Levels seen in this place.
 G = Mean time per level.
                   A        B        C        D        E       F      G
               +--------+--------+--------+--------+--------+-----+--------+
         Total |  12345 |  11218 |   1127 |   1099 |   8262 |  12 | 1028.8 |
       Dungeon |  11992 |  10865 |   1127 |   1081 |   8116 |  11 | 1090.2 |
       Ossuary |    353 |    353 |      0 |     18 |    146 |   1 |  353.0 |
               +--------+--------+--------+--------+--------+-----+--------+

Top non-repeatable levels by time:
     D:3: 1753 daAuts
     D:4: 1377 daAuts
     D:6: 1373 daAuts
     D:8: 1337 daAuts
    D:10: 1296 daAuts
     D:5: 1281 daAuts
     D:7: 1084 daAuts
     D:9: 924 daAuts
     D:1: 918 daAuts
     D:2: 555 daAuts
 Ossuary: 353 daAuts
    D:11: 87 daAuts
